 Dungeon Sprint DCSS version 0.30-a0-469-g84de5afbc5 (webtiles) character file.

Game seed: 9954918589267256212

34 rocky1 the Trooper (level 3, -2/33 HPs)
             Began as a Merfolk Fighter on Dec 19, 2022.
             Slain by a human (6 damage)
             ... in the Dungeon (Sprint III: "The Ten Rune Challenge").
             The game lasted 00:00:38 (266 turns).

rocky1 the Trooper (Merfolk Fighter)                 Turns: 266, Time: 00:00:39

Health: -2/33      AC:  6    Str: 16    XL:     3   Next: 31%
Magic:  3/3        EV: 10    Int:  7    God:
Gold:   41         SH:  5    Dex: 15    Spells: 2/2 levels left

rFire   . . .      SeeInvis .    a - +0 long sword
rCold   . . .      Faith    .    c - +0 buckler
rNeg    . . .      Spirit   .    b - +0 scale mail
rPois   .          Reflect  .    (no helmet)
rElec   .          Harm     .    (no cloak)
rCorr   .          Rampage  .    (no gloves)
Will    .....      NoTele   +    (boots currently unavailable)
Stlth   +.........               (no amulet)
HPRegen 0.25/turn                (no ring)
MPRegen 0.08/turn                (no ring)

@: very quick
A: nimble swimmer 2, mertail
a: no special abilities


You were in the Dungeon.
You visited 1 branch You collected 41 gold pieces.

Inventory:

Hand Weapons
 a - a +0 long sword (weapon)
Armour
 b - a +0 scale mail (worn)
 c - a +0 buckler (worn)
Scrolls
 j - a scroll of blinking
 k - a scroll of torment {unknown}
 l - 4 scrolls of identify
 n - a scroll of immolation {unknown}
Potions
 d - a potion of might
 e - a potion of curing
 f - a potion of heal wounds
 g - 2 potions of haste
 h - 2 potions of magic
 i - a potion of berserk rage
 m - 2 potions of flight {unknown}
 o - 5 potions of mutation


   Skills:
 + Level 5.0 Fighting
 + Level 3.7 Long Blades
 + Level 3.3 Armour
 + Level 4.4 Shields


You had 2 spell levels left.
You didn't know any spells.
Your spell library was empty.

Dungeon Overview and Level Annotations

Branches:
Dungeon (1/1)

Altars:


Innate Abilities, Weirdness & Mutations

You are very nimble when in or above water. (Stealth+, EV+, Speed+++)
Your lower body shifts to a powerful aquatic tail in water.


Message History

You miss the human. The human misses you.
You hit the human.
The human is lightly wounded.
The human barely misses you.
You barely miss the human. You tail-slap the human.
The human is moderately wounded.
The human barely misses you.
You barely miss the human. You tail-slap the human.
The human is moderately wounded.
The human hits you. The human hits you!
You miss the human.
The human is moderately wounded.
The human barely misses you.
You closely miss the human.
The human is moderately wounded.
The human hits you.
You miss the human.
The human is moderately wounded.
The human hits you.
You barely miss the human.
The human is moderately wounded.
The human splashes around in the water.
The human hits you.
* * * LOW HITPOINT WARNING * * *
You barely miss the human.
The human is moderately wounded.
The human misses you.
You slash the human!
The human is severely wounded.
The human misses you.
You hit the human.
The human is severely wounded.
The human splashes around in the water. x2
You barely miss the human.
The human is severely wounded.
The human hits you.
* * * LOW HITPOINT WARNING * * *
You barely miss the human.
The human is severely wounded.
The human hits you.
You die...

▓▓▓▓▓▓▓▓▓▓▓
▓<.#..'...♣♣♣
▓..#..#.....♣♣
▓#'####....♣.♣ #
▓.....#....~♣♣♣♣♣.#
▓.....#...~~♣.....#
▓.....#..~~~p.....+
▓####'#..~≈@~~~♣..
▓...).#.~~≈~~~....#
▓.....#.~≈~~~.....#
▓.....#.~~~.......#
▓'#####...........#
▓.................#
▓▓▓▓▓▓▓▓▓▓▓▓▓▓▓▓▓▓▓


You could see a human.

Vanquished Creatures
  Jessica (D)
  A phantom (D)
  2 endoplasms (D)
  A rat (D)
5 creatures vanquished.

Notes
Turn   | Place    | Note
-------+----------+-------------------------------------------
     0 | D        | rocky1 the Merfolk Fighter began the quest for the Orb.
     0 | D        | Reached XP level 1. HP: 18/18 MP: 1/1
    36 | D        | Noticed Jessica
    43 | D        | Killed Jessica
    44 | D        | Reached skill level 4 in Fighting
    44 | D        | Reached XP level 2. HP: 9/26 MP: 2/2
    44 | D        | Reached XP level 3. HP: 11/32 MP: 3/3
   215 | D        | Reached skill level 5 in Fighting
   266 | D        | Slain by a human

Illustrated notes

Levels and vault maps discovered:
D:        dungeon_sprint_mu [sprint_mu_entry_forest, sprint_mu_temple_rooms,
          sprint_mu_d1_horrors, sprint_mu_d2_genie, sprint_mu_d3_branching,
          sprint_mu_orc_legion, sprint_mu_elf_gauntlet, sprint_mu_hive_nellie,
          sprint_mu_lair_fedhas, sprint_mu_vaults_butterflies,
          sprint_mu_slime_circle, sprint_mu_shoals_archi,
          sprint_mu_snake_twists, sprint_mu_blade_basic,
          sprint_mu_crypt_chambers, sprint_mu_tomb_spiral,
          sprint_mu_vestibule_basic, sprint_mu_gehenna_hellfire,
          sprint_mu_dis_giant, sprint_mu_tartarus_statrot,
          sprint_mu_cocytus_islands, sprint_mu_zot1]

Skill      XL: |  1  2  3 |
---------------+----------+-----
Fighting       | 4 5 |  5.0
Long Blades    | 3 |  3.7
Armour         | 3 |  3.3
Shields        | 4 |  4.4

Action                   || total
-------------------------++-------
Melee: Long sword        ||    31
       Tailslap          ||     2
Armor: Scale mail        ||     4
Dodge: Dodged            ||     9
Block: Buckler           ||     4

Table legend: (Time is in decaauts)
 A = Elapsed time spent in this place.
 B = Non-inter-level travel time spent in this place.
 C = Inter-level travel time spent in this place.
 D = Time resting spent in this place.
 E = Time spent auto-exploring this place.
 F = Levels seen in this place.
 G = Mean time per level.
                   A        B        C        D        E       F      G
               +--------+--------+--------+--------+--------+-----+--------+
         Total |    278 |    278 |      0 |    166 |      0 |   1 |  278.0 |
       Dungeon |    278 |    278 |      0 |    166 |      0 |   1 |  278.0 |
               +--------+--------+--------+--------+--------+-----+--------+

Top non-repeatable levels by time:
       D: 278 daAuts
